 Dungeon Crawl Stone Soup version 0.23-a0-143-g1adec7b (webtiles) character file.

61 Amnesiac the Chiller (level 3, -2/24 HPs)
             Began as a Mummy Ice Elementalist on Sept 3, 2018.
             Was an Initiate of Gozag.
             Splashed by Ijyb's acid (6 damage)
             ... on level 2 of the Dungeon.
             The game lasted 00:02:40 (1459 turns).

Amnesiac the Chiller (Mummy Ice Elementalist)       Turns: 1459, Time: 00:02:40

Health: -2/24      AC:  4    Str: 11    XL:     3   Next: 83%
Magic:  8/8        EV: 12    Int: 15    God:    Gozag
Gold:   294        SH:  0    Dex: 16    Spells: 5/9 levels left

rFire    x . .     SeeInvis .   (no weapon)
rCold    + . .     Gourm    .   (no shield)
rNeg     + + +     Faith    .   a - +0 robe
rPois    ∞         Spirit   .   d - +1 helmet
rElec    .         Reflect  .   (no cloak)
rCorr    .         Harm     .   (no gloves)
MR       .....                  (no boots)
Stlth    ++........             (no amulet)
HPRegen  0.08/turn              c - +4 ring of dexterity
MPRegen  0.11/turn              (no ring)

@: no status effects
A: no food or potions, fire vulnerability, cold resistance 1, negative energy
resistance 3, torment resistance, unbreathing
a: Potion Petition, Call Merchant, Bribe Branch, Renounce Religion


You were on level 2 of the Dungeon.
You worshipped Gozag.
Gozag was aware of your devotion.
You were not hungry.

You visited 1 branch of the dungeon, and saw 2 of its levels.

You collected 335 gold pieces.
You paid 41 gold pieces to Gozag.

Inventory:

Armour
 a - a +0 robe (worn)
 d - a +1 helmet (worn)
Jewellery
 c - a +4 ring of dexterity (left hand)
Scrolls
 b - 3 scrolls of identify {!r}
 e - 4 scrolls of teleportation {!r}


   Skills:
 - Level 1.5 Dodging
 - Level 1.5 Stealth
 + Level 3.5 Spellcasting
   Level 0.7 Conjurations
 * Level 3.6 Ice Magic


You had 5 spell levels left.
You knew the following spells:

 Your Spells              Type           Power        Failure   Level  Hunger
a - Freeze                Ice            ##..         4%          1    N/A
z - Ozocubu's Armour      Chrm/Ice       #.......     26%         3    N/A

Your spell library contained the following spells:

 Spells                   Type           Power        Failure   Level  Hunger
 Throw Frost              Conj/Ice       #.....       12%         2    N/A
 Throw Icicle             Conj/Ice       #.......     61%         4    N/A
 Summon Ice Beast         Ice/Summ       #.......     65%         4    N/A

Dungeon Overview and Level Annotations

Branches:
Dungeon (2/15)

Altars:
Ashenzari
Gozag
Qazlal

Annotations:
D:2 Ijyb


Innate Abilities, Weirdness & Mutations

You do not eat or drink.
Your flesh is vulnerable to fire.
You are immune to poison.
Your flesh is cold resistant. (rC+)
You are immune to negative energy. (rN+++)
You are immune to unholy pain and torment.
You can survive without breathing.


Message History

t - Shout!
Orders for allies: a - Attack new target. r - Retreat! s - Stop attacking. g - Guard the area. f - Follow me.
Anything else - Cancel.
Retreat in which direction?
Press: ? - help, Dir - move target cursor, f - you
Okay, then.
Really read
b - 4 scrolls labeled VUEMUG VOGE ACZE {!r}?
As you read the scroll labeled VUEMUG VOGE ACZE {!r}, it crumbles to dust.
It is a scroll of identify.
e - 4 scrolls of teleportation {!r} The ball python hisses angrily.
Put on which piece of jewellery? (? for menu, Esc to quit)
You feel agile.
c - a +4 ring of dexterity (left hand)
Casting: Freeze (safe; 4% risk of failure)
Confirm with . or Enter, or press ? or * to list all spells.
You can't see any susceptible monsters within range! (Use Z to cast anyway.)
The ball python barely misses you. The ball python closely misses you.
Casting: Freeze (safe; 4% risk of failure)
Confirm with . or Enter, or press ? or * to list all spells.
Aiming: Freeze (safe; 4% risk of failure)
Press: ? - help, Shift-Dir - straight line, f - ball python
Aim: a ball python You freeze the ball python.
You kill the ball python!
No target in view!
Casting: Freeze (safe; 4% risk of failure)
Confirm with . or Enter, or press ? or * to list all spells.
You can't see any susceptible monsters within range! (Use Z to cast anyway.)
You now have 294 gold pieces (gained 8).
A giant cockroach comes into view.
Found a club.
Casting: Freeze (safe; 4% risk of failure)
Confirm with . or Enter, or press ? or * to list all spells.
You can't see any susceptible monsters within range! (Use Z to cast anyway.)
There are monsters nearby!
There are monsters nearby!
You start resting.
Magic restored.
Memorise Ozocubu's Armour, consuming 3 spell levels and leaving 5?
You start memorising the spell.
You continue memorising. x3
You finish memorising.
Spell assigned to 'b'.
Adjust (i)tems, (s)pells, or (a)bilities?
Adjust which spell? b - Ozocubu's Armour Adjust to which letter? z - Ozocubu's Armour Ijyb is too close now for your liking.
Firing (i - inventory) No suitable missiles.
Press: ? - help, Shift-Dir - straight line, f - Ijyb
Aim: Ijyb, wielding a dagger and wearing a ring mail (hasn't noticed you)
Okay, then.
Found a stone staircase leading up.
Ijyb shouts!
You hear a shout! x2
A kobold comes into view. It is wielding a short sword.
A goblin comes into view. It is wielding a dagger.
Ijyb zaps a wand.
The bolt of acid hits you!
Ouch! That really hurt!
* * * LOW HITPOINT WARNING * * *
You are splashed with acid!
The acid burns!
You die...
Your body crumbles into a pile of gold.

......# ...g.....# #.###
......# .gg......# .#
......# .g.......# .#
......# 8g8.8.8..##
......#########.... #.
.................####...
.###.....#..............
.#########...##).....###
................@.......
.########...g#####<....>
.# #....#.# ....# ##
#.....g.. ..##
.......s... .#
....#....... ..
#####........ .
#........# #.....g.K.


You could see Ijyb.

Vanquished Creatures
  An adder (D:2)
  An ooze (D:1)
  4 dart slugs
  2 leopard geckos
  3 ball pythons (D:2)
  2 bats
  A giant cockroach (D:1)
  3 hobgoblins (D:1)
  A frilled lizard (D:1)
  10 goblins
  3 kobolds
  6 rats (D:1)
37 creatures vanquished.

Notes
Turn   | Place    | Note
-------+----------+-------------------------------------------
     0 | D:1      | Amnesiac the Mummy Ice Elementalist began the quest for the
                  | Orb.
     0 | D:1      | Reached XP level 1. HP: 13/13 MP: 4/4
   183 | D:2      | Found a stormy altar of Qazlal.
   183 | D:2      | Found an opulent altar of Gozag.
   217 | D:2      | Became a worshipper of Gozag Ym Sagoz the Greedy
   263 | D:1      | Reached XP level 2. HP: 15/19 MP: 0/5
   836 | D:1      | Reached XP level 3. HP: 23/24 MP: 2/7
  1112 | D:2      | Found a shattered altar of Ashenzari.
  1197 | D:2      | Noticed Ijyb
  1439 | D:2      | Learned a level 3 spell: Ozocubu's Armour
  1459 | D:2      | Splashed by Ijyb's acid

Vault maps used:
D:1:      dpeg_arrival_ratfight, minivault_4
D:2:      kennysheep_the_goblin_king, ashenzari_conservatory_becter,
          gammafunk_temple_overflow_elements, first_ration

Skill      XL: |  1  2 |
---------------+-------+-----
Spellcasting   | 3 |  3.5
Ice Magic      | 3 |  3.6
Dodging        | |  1.5
Stealth        | |  1.5
Conjurations   | |  0.7

Action                   || total
-------------------------++-------
Melee: Unarmed           ||    33
 Cast: Freeze            ||    65
  Use: Scroll            ||     1
Armor: Robe              ||    26
Dodge: Dodged            ||    51

Table legend:
 A = Non-vault XP
 B = Vault XP
 C = Vault XP percentage of total XP
 D = Non-vault monster count
 E = Vault monster count
 F = Vault count percentage of total count
                 A         B        C        D         E       F
            +---------+---------+-------+---------+---------+-------
      Total |      74 |      14 |  15.9 |      27 |      10 |  27.0
            +---------+---------+-------+---------+---------+-------
        D:1 |      40 |       5 |  11.1 |      16 |       5 |  23.8
        D:2 |      34 |       9 |  20.9 |      11 |       5 |  31.2
            +---------+---------+-------+---------+---------+-------
